 Dungeon Crawl Stone Soup version 0.19-a0-712-g899c6ed (webtiles) character file.

1632 TheGoonsmith the Vexing (level 8, -10/36 HPs)
             Began as a Vine Stalker Enchanter on June 20, 2016.
             Was a Believer of Kikubaaqudgha.
             Mangled by an orc warrior (19 damage)
             ... on level 6 of the Dungeon.
             The game lasted 00:11:26 (5301 turns).

TheGoonsmith the Vexing (Vine Stalker Enchanter)    Turns: 5301, Time: 00:11:27

Health: -10/36     AC:  4    Str: 11    XL:     8   Next: 98%
Magic:  0/15       EV:  7    Int: 16    God:    Kikubaaqudgha [**....]
Gold:   303        SH:  0    Dex: 16    Spells: 4 memorised, 7 levels left

rFire  . . .     SeeInvis .     m - +3 dagger (speed)
rCold  + . .     Gourm    .     b - +2 robe
rNeg   . . .     Faith    .     (no shield)
rPois  .         Spirit   +     (no helmet)
rElec  .         Dismiss  .     (no cloak)
rCorr  .         Reflect  .     (no gloves)
SustAt +         Harm     .     (no boots)
MR     +....                    (no amulet)
Stlth  +++.......               t - ring of sustain attributes
                                f - ring of protection from cold

@: somewhat resistant to hostile enchantments, fairly stealthy
A: fangs 3, regeneration 2, magic shield, antimagic bite, no device heal 3, rot
immunity
a: Receive Corpses, Renounce Religion


You were on level 6 of the Dungeon.
You worshipped Kikubaaqudgha.
Kikubaaqudgha was pleased with you.
You were hungry.

You visited 1 branch of the dungeon, and saw 6 of its levels.

You collected 303 gold pieces.

Inventory:

Hand Weapons
 a - a +1 dagger
 m - a +3 dagger of speed (weapon)
Armour
 b - a +2 robe (worn)
Jewellery
 f - a ring of protection from cold (left hand)
 t - a ring of sustain attributes (right hand)
Wands
 r - a wand of polymorph (15/24)
 G - a wand of lightning (15/15)
Scrolls
 j - a scroll of identify
 k - 4 scrolls of remove curse
 n - a scroll of fog
 o - a scroll of teleportation
 w - a scroll of recharging
Potions
 h - a potion of haste
 q - a potion of cure mutation
 s - a potion of lignification {unknown}
 x - a potion of curing {unknown}
 B - a potion of degeneration {unknown}
 D - a potion of berserk rage {unknown}
 H - a potion of brilliance {unknown}
Books
 c - a book of Maledictions

   Spells                             Type                      Level
   a - Corona                         Hexes                        1
   b - Ensorcelled Hibernation        Hexes/Ice                    2
   c - Confuse                        Hexes                        3
   d - Tukima's Dance                 Hexes                        3
   e - Dazzling Spray                 Conjuration/Hexes            3
 C - a book of Clouds

   Spells                             Type                      Level
   a - Mephitic Cloud                 Conjuration/Poison/Air       3
   b - Conjure Flame                  Conjuration/Fire             3
   c - Poisonous Cloud                Conjuration/Poison/Air       6
   d - Freezing Cloud                 Conjuration/Ice/Air          6
   e - Ring of Flames                 Charms/Fire                  7
 F - Kikubaaqudgha's Incunabulum of Darkness
   (Kikubaaqudgha gifted it to you on level 4 of the Dungeon)

   Spells                             Type                      Level
   a - Pain                           Necromancy                   1
   b - Corpse Rot                     Necromancy                   2
   c - Sublimation of Blood           Necromancy                   2
   d - Regeneration                   Charms/Necromancy            3
   e - Control Undead                 Necromancy                   4
Comestibles
 d - 5 bread rations
 v - 2 beef jerkies
 I - a slice of pizza


   Skills:
 * Level 6.1 Short Blades
 - Level 1.5 Dodging
 + Level 4.8 Stealth
 - Level 4.5 Spellcasting
 - Level 7.7 Hexes
 - Level 1.0 Ice Magic


You had 7 spell levels left.
You knew the following spells:

 Your Spells              Type           Power        Failure   Level  Hunger
a - Tukima's Dance        Hex            ####....     1%          3    ###....
b - Ensorcelled Hibernat  Hex/Ice        ###...       4%          2    ##.....
c - Confuse               Hex            ####....     1%          3    ###....
d - Corona                Hex            ####...      1%          1    None


Dungeon Overview and Level Annotations

Branches:
Dungeon (6/15)             Temple (0/1) D:6

Altars:
Kikubaaqudgha
Okawaru
Pakellas
Ru
The Shining One


Innate Abilities, Weirdness & Mutations

You have razor-sharp teeth.
You heal very quickly.
When hurt, damage is shared between your health and your magic reserves.
Your bite disrupts and absorbs the magic of your enemies.
Potions and wands cannot restore your health.
You are immune to rotting.


Message History

The orc warrior hits you!
Your trident closely misses the orc warrior.
You hit the orc warrior but do no damage.
Your bite misses the orc warrior.
The orc warrior is moderately wounded.
Something completely misses your trident.
You hit the orc warrior but do no damage.
The orc warrior is moderately wounded.
The orc warrior hits you!
* * * LOW HITPOINT WARNING * * *
You hit the orc warrior.
You bite the orc warrior, but do no damage.
The orc warrior is moderately wounded.
Your trident hits the orc warrior. Something hits your trident.
Your trident falls from the air.
There is a stone staircase leading up here.
The orc warrior hits you!!
Ouch! That really hurt!
You die...
Kikubaaqudgha rasps: "You have failed me!
Welcome... death!"

*****#########
*,,,,........#
*,*******###@###
*****,*#######...o.#
,,,,,,*#.......###)######
*****,*#.....o.###).....#
*,,.#.......#.#.####.##
*,,.........(.........#*****
*,,.#.......#.######....,,,*
**,......[.....# **,*#**,* *
*,##.......#$.# *,* *,*


You could see an orc warrior and an orc priest (confused).

Vanquished Creatures
  The ghost of Bnni the Poker, a novice DsMo (D:5)
  2 sky beasts
  An ogre (D:4)
  2 centaurs (D:5)
  5 scorpions (D:5)
  A vampire bat (D:3)
  A hound (D:5)
  3 orc wizards
  3 orc priests
  Jessica (D:2)
  An iguana (D:4)
  2 worker ants
  A hound zombie (D:5)
  2 gnolls (D:1)
  13 adders
  A shadow imp (D:5)
  5 oozes
  An adder skeleton (D:5)
  A worm (D:4)
  3 dart slugs (D:1)
  5 giant geckos
  11 orcs
  3 bat skeletons (D:3)
  3 bat zombies (D:3)
  5 giant cockroaches
  12 goblins
  6 hobgoblins
  12 jackals
  6 kobolds
  3 quokkas
  2 ball pythons
  11 bats
  A giant gecko skeleton (D:4)
  A giant gecko zombie (D:5)
  6 giant newts
  A jackal skeleton (D:4)
  3 rats
141 creatures vanquished.

Vanquished Creatures (collateral kills)
  3 orcs
3 creatures vanquished.

Vanquished Creatures (others)
  A fire dragon (D:5)
  3 dancing weapons
  A fungus (D:5)
5 creatures vanquished.

Grand Total: 149 creatures vanquished

Notes
Turn   | Place    | Note
--------------------------------------------------------------
     0 | D:1      | TheGoonsmith the Vine Stalker Enchanter began the quest for the Orb.
     0 | D:1      | Reached XP level 1. HP: 9/9 MP: 4/4
    30 | D:1      | Reached skill level 1 in Short Blades
   127 | D:1      | Reached XP level 2. HP: 5/13 MP: 3/6
   238 | D:1      | Learned a level 2 spell: Ensorcelled Hibernation
   327 | D:1      | Reached XP level 3. HP: 16/16 MP: 7/7
   626 | D:1      | Reached XP level 4. HP: 21/21 MP: 8/8
   734 | D:1      | Learned a level 3 spell: Confuse
  1513 | D:2      | Noticed Jessica
  1525 | D:2      | Killed Jessica
  1525 | D:2      | Reached XP level 5. HP: 21/24 MP: 9/9
  1635 | D:2      | Found a glowing golden altar of the Shining One.
  1833 | D:3      | Reached skill level 1 in Ice Magic
  2296 | D:3      | Found an ancient bone altar of Kikubaaqudgha.
  2302 | D:3      | Gained mutation: You heal very quickly. [Vine Stalker growth]
  2302 | D:3      | Reached XP level 6. HP: 28/28 MP: 10/12
  2314 | D:3      | Became a worshipper of Kikubaaqudgha
  2319 | D:3      | Learned a level 3 spell: Tukima's Dance
  2417 | D:3      | Found a sacrificial altar of Ru.
  2714 | D:4      | Noticed a sky beast
  2718 | D:4      | Killed a sky beast
  2804 | D:4      | Reached XP level 7. HP: 10/32 MP: 1/14
  3073 | D:4      | Reached skill level 4 in Hexes
  3326 | D:4      | Reached * piety under Kikubaaqudgha
  3326 | D:4      | Received a gift from Kikubaaqudgha
  3346 | D:4      | Identified Kikubaaqudgha's Incunabulum of Darkness (Kikubaaqudgha gifted it to you on level 4 of the Dungeon)
  3591 | D:4      | Reached skill level 5 in Hexes
  3599 | D:4      | Found an iron altar of Okawaru.
  3751 | D:5      | Entered Level 5 of the Dungeon
  3779 | D:5      | Found an oddly glowing altar of Pakellas.
  3780 | D:5      | Noticed a fire dragon
  3791 | D:5      | Killed a fire dragon
  3878 | D:5      | Reached skill level 6 in Hexes
  4043 | D:5      | Gained mutation: You have razor-sharp teeth. [Vine Stalker growth]
  4043 | D:5      | Reached XP level 8. HP: 13/36 MP: 11/15
  4047 | D:5      | Reached ** piety under Kikubaaqudgha
  4173 | D:5      | Noticed Bnni's ghost (novice DsMo)
  4193 | D:5      | Killed Bnni's ghost
  4193 | D:5      | Reached skill level 7 in Hexes
  4552 | D:5      | Reached skill level 5 in Short Blades
  5301 | D:6      | Mangled by an orc warrior

Vault maps used:
D:1:      tarquinn_simple_flora_water_a
D:2:      nicolae_tso_swordbearing_angel, uniq_jessica
D:3:      nicolae_overflow_hidden_temple, kennysheep_vampire_church,
          serial_park_tiny_pond
D:4:      marbit_many_paths
D:5:      old_forge, gammafunk_pakellas_cloud_experiment, first_bread
D:6:      lemuel_round_altar, kennysheep_little_box,
          minmay_temple_entry_statues, serial_shops,
          nicolae_shop_window_shopping,
          nicolae_shop_competitors_out_of_business, shop, shop_fountains, shop,
          hangedman_decor_push, minmay_misc_feat_diagonals

Skill      XL: |  1  2  3  4  5  6  7  8 |
---------------+-------------------------+-----
Short Blades   | 1 2 3 4 6 |  6.1
Stealth        | 4 |  4.8
Ice Magic      | 1 |  1.0
Spellcasting   | 3 4 |  4.5
Hexes          | 6 7 |  7.7
Dodging        | |  1.5

Action                   |  1- 3 |  4- 6 |  7- 9 || total
-------------------------+-------+-------+-------++-------
Melee: Dagger            |    87 |   234 |   296 ||   617
       Bite              |    21 |    65 |    91 ||   177
 Cast: Tukima's Dance    |       |     5 |     9 ||    14
       Confuse           |       |       |     9 ||     9
       Corona            |       |       |     1 ||     1
       Ensorcelled Hiber |       |       |     3 ||     3
  Use: Scroll            |       |       |    12 ||    12
       Potion            |       |       |     3 ||     3
 Stab: Sleeping          |     7 |    14 |     6 ||    27
       Confused          |       |       |     3 ||     3
  Eat: Chunk             |       |     6 |     9 ||    15
Armor: Robe              |    13 |    35 |    25 ||    73
Dodge: Dodged            |    50 |   100 |   101 ||   251
